 Dungeon Crawl Stone Soup version 0.24.0-124-g2791043dd8 (webtiles) character file.

Game seed: 13191371572423054869, levelgen mode: deterministic

42 HawFromDerth the Sneak (level 3, 0/27 HPs)
             Began as a Vampire Assassin on Feb 15, 2020.
             Slain by an adder (5 damage)
             ... on level 2 of the Dungeon.
             The game lasted 00:02:51 (1139 turns).

HawFromDerth the Sneak (Vampire Assassin)           Turns: 1139, Time: 00:02:52

Health: 0/27       AC:  3    Str: 10    XL:     3   Next: 33%
Magic:  0/3        EV: 11    Int: 13    God:
Gold:   52         SH:  0    Dex: 16    Spells: 2/2 levels left

rFire    . . .     SeeInvis +   a - +2 dagger
rCold    . . .     Gourm    .   (no shield)
rNeg     . . .     Faith    .   i - +0 leather armour
rPois    .         Spirit   +   (no helmet)
rElec    .         Reflect  .   j - scarf {Spirit}
rCorr    .         Harm     .   (no gloves)
MR       .....                  (no boots)
Stlth    +.........             (no amulet)
HPRegen  0.29/turn              (no ring)
MPRegen  0.08/turn              (no ring)

@: confused, lethally poisoned (0 -> -1), regenerating quickly
A: no food, fangs 3, see invisible, unbreathing
a: Exsanguinate


You were on level 2 of the Dungeon.
You were alive.

You visited 1 branch of the dungeon, and saw 2 of its levels.

You collected 52 gold pieces.

Inventory:

Hand Weapons
 a - a +2 dagger (weapon)
Missiles
 d - 8 poisoned darts (quivered)
 e - 2 curare-tipped darts
Armour
 i - a +0 leather armour (worn)
 j - a scarf of spirit shield (worn)
Scrolls
 b - a scroll of random uselessness {unknown}
 g - a scroll of magic mapping {unknown}
Potions
 f - a potion of agility {unknown}
 h - a potion of invisibility {unknown}


   Skills:
 + Level 1.9 Fighting
 + Level 2.4 Short Blades
 + Level 1.7 Throwing
 + Level 1.1 Dodging
 + Level 7.3 Stealth


You had 2 spell levels left.
You didn't know any spells.
Your spell library was empty.

Dungeon Overview and Level Annotations

Branches:
Dungeon (2/15)

Altars:

Annotations:
D:2 Sigmund


Innate Abilities, Weirdness & Mutations

You do not eat.
Your natural rate of healing is unusually fast.
You have razor-sharp teeth.
You have supernaturally acute eyesight. (SInv)
You can survive without breathing.


Message History

You feel sick. The rat barely misses you. The adder barely misses you.
The worm closely misses you. Sigmund gestures at you while chanting.
You are confused.
You feel sick. The adder bites you but does no damage.
The adder barely misses you.
You miss the rat. The adder closely misses you. The worm bites you.
The rat barely misses you.
You hit the rat.
The rat is heavily wounded.
You feel sick. The adder bites you.
* * * LOW HITPOINT WARNING * * *
The goblin hits you.
* * * LOW HITPOINT WARNING * * *
The goblin hits you.
* * * LOW HITPOINT WARNING * * *
The rat barely misses you.
There is a stone staircase leading up here.
The adder bites you.
You die...

.......>#............
........#...((.......
........####.....?...
.........†...........
........##.(.........
.......).............
.....................
###.....@.g.......##.
####...wr@......#
#....S........#
#........#.#....
#........#.##...
#........>.# ##.
###.####..## #.# ....
#.# .... .. .#


You could see Sigmund (invisible), a worm, an adder, a goblin and a rat.

Vanquished Creatures
  2 dart slugs (D:1)
  2 leopard geckos (D:1)
  3 bats (D:1)
  7 goblins
  2 hobgoblins (D:1)
  4 jackals (D:2)
  3 frilled lizards (D:1)
  5 kobolds (D:1)
  5 rats (D:1)
33 creatures vanquished.

Notes
Turn   | Place    | Note
-------+----------+-------------------------------------------
     0 | D:1      | HawFromDerth the Vampire Assassin began the quest for the
                  | Orb.
     0 | D:1      | Reached XP level 1. HP: 16/16 MP: 1/1
    22 | D:1      | Reached skill level 6 in Stealth
   191 | D:1      | Reached XP level 2. HP: 22/22 MP: 2/2
   349 | D:1      | Reached skill level 7 in Stealth
   369 | D:1      | Reached XP level 3. HP: 21/27 MP: 3/3
  1124 | D:2      | Noticed Sigmund
  1139 | D:2      | Slain by an adder

Levels and vault maps discovered:
D:1:      eino_arrival_cavern_e, layout_basic, minmay_heptomino_w4
D:2:      layout_rooms, first_ration, cheibrodos_gnoll_hut, uniq_sigmund

Skill      XL: |  1  2 |
---------------+-------+-----
Stealth        | 6 7 |  7.3
Fighting       | |  1.9
Short Blades   | |  2.4
Throwing       | |  1.7
Dodging        | |  1.1

Action                   || total
-------------------------++-------
Melee: Dagger            ||    73
       Bite              ||     6
 Stab: Sleeping          ||    12
Armor: Robe              ||     3
       Leather armour    ||    13
Dodge: Dodged            ||    59
